 Dungeon Crawl Stone Soup version 0.21.0 (webtiles) character file.

246 Esekla the Cutter (level 6, -1/44 HPs)
             Began as a Formicid Transmuter on Jan 7, 2018.
             Was an Initiate of Okawaru.
             Shot with an arrow by a centaur (9 damage)
             ... on level 6 of the Dungeon.
             The game lasted 00:54:53 (3291 turns).

Esekla the Cutter (Formicid Transmuter)             Turns: 3291, Time: 00:54:54

Health: -1/44      AC:  8    Str: 16    XL:     6   Next: 33%
Magic:  9/9        EV: 11    Int: 13    God:    Okawaru [......]
Gold:   188        SH:  5    Dex: 11    Spells: 8/9 levels left

rFire    . . .     SeeInvis +   a - +0 war axe
rCold    + . .     Gourm    .   q - +1 buckler
rNeg     . . .     Faith    .   j - +0 ring mail
rPois    .         Spirit   .   (helmet unavailable)
rElec    .         Reflect  .   (no cloak)
rCorr    .         Harm     .   (no gloves)
MR       .....                  o - +2 pair of boots
Stlth    +.........             g - amulet of magic regeneration
HPRegen  0.14/turn              t - ring of protection from cold
MPRegen  0.36/turn              (no ring)

@: no status effects
A: permanent stasis, dig shafts and tunnels, four strong arms, antennae 3
a: Dig, Shaft Self, Renounce Religion


You were on level 6 of the Dungeon.
You worshipped Okawaru.
Okawaru was noncommittal.
You were not hungry.

You visited 1 branch of the dungeon, and saw 6 of its levels.

You collected 188 gold pieces.

Inventory:

Hand Weapons
 a - a +0 war axe (weapon)
 f - a +0 short sword
Missiles
 l - 71 stones (quivered)
 m - 60 sling bullets
 p - 11 tomahawks
Armour
 b - a +0 robe
 j - a +0 ring mail (worn)
 o - a +2 pair of boots (worn)
 q - a +1 buckler (worn)
Jewellery
 g - an amulet of magic regeneration (around neck)
 t - a ring of protection from cold (left hand)
Wands
 r - a wand of iceblast (6)
 s - a wand of scattershot (3)
Scrolls
 e - a scroll of remove curse
 h - a scroll of blinking {unknown}
 i - a scroll of enchant armour
 u - a scroll of immolation {unknown}
Potions
 n - a potion of ambrosia
Books
 c - a book of Changes

   Spells                             Type                      Level
   a - Beastly Appendage              Transmutation                1
   b - Sticks to Snakes               Transmutation                2
   c - Spider Form                    Transmutation/Poison         3
   d - Ice Form                       Ice/Transmutation            4
   e - Blade Hands                    Transmutation                5
Comestibles
 d - 4 rations


   Skills:
 + Level 2.2 Fighting
 - Level 3.2 Short Blades
 * Level 2.0 Axes
 + Level 2.1 Armour
 + Level 2.6 Dodging
 * Level 1.6 Shields
 - Level 3.0 Unarmed Combat
 - Level 2.1 Spellcasting
 - Level 2.1 Transmutations


You had 8 spell levels left.
You knew the following spells:

 Your Spells              Type           Power        Failure   Level  Hunger
a - Beastly Appendage     Tmut           #.....       22%         1    ##.....


Dungeon Overview and Level Annotations

Branches:
Dungeon (6/15)
 Temple: D:4-7

Altars:
Kikubaaqudgha
Okawaru
Sif Muna

Shops:
D:6 *

Annotations:
D:4 Pikel
D:5 denis1488's ghost, amateur MiFi


Innate Abilities, Weirdness & Mutations

You cannot be hasted, slowed, berserked, paralysed or teleported.
You can dig through walls and to a lower floor.
Your four strong arms can wield two-handed weapons with a shield.
You have a pair of large antennae on your head. (SInv)


Message History

You closely miss the bullfrog. You closely miss the quokka.
The centaur hits you. The bullfrog hits you.
* * * LOW HITPOINT WARNING * * *
The centaur misses you. The quokka bites you.
* * * LOW HITPOINT WARNING * * *
The bullfrog hits you but does no damage.
The centaur hits you but does no damage.
Your ring mail prevents you from hitting the centaur.
The centaur is almost dead.
You hit the quokka.
You kill the quokka!
Okawaru accepts your kill.
You closely miss the bullfrog. You block the bullfrog's attack.
The centaur completely misses you. The bullfrog hits you.
* * * LOW HITPOINT WARNING * * *
The centaur closely misses you. The bullfrog misses you.
The centaur wields an uncursed shortbow.
The centaur shoots an arrow.
The arrow hits you!
You die...

### #..
#.# #.#
#.#
#####.#
#....@#
#.....#
#...cF#
#...h.#
#...S.#
#......
#.....#.
#.....###
#......


You could see a bullfrog, a centaur, a howler monkey and an adder.

Vanquished Creatures
  A howler monkey (D:4)
  An orc wizard (D:6)
  Natasha (D:3)
  A centaur skeleton (D:6)
  2 adders
  2 gnolls
  An ooze (D:1)
  A worm (D:2)
  4 dart slugs
  2 leopard geckos (D:2)
  2 orcs (D:6)
  A giant cockroach (D:2)
  8 goblins
  7 hobgoblins
  8 jackals
  9 kobolds
  2 quokkas
  A ball python (D:2)
  7 bats
  6 frilled lizards
  A quokka skeleton (D:5)
  10 rats
78 creatures vanquished.

Notes
Turn   | Place    | Note
-------+----------+-------------------------------------------
     0 | D:1      | Esekla the Formicid Transmuter began the quest for the Orb.
     0 | D:1      | Reached XP level 1. HP: 15/15 MP: 3/3
    93 | D:1      | You fall through a shaft!
    97 | D:2      | You fall through a shaft!
   253 | D:3      | Found a deep blue altar of Sif Muna.
   294 | D:1      | Reached skill level 1 in Short Blades
   298 | D:1      | Reached XP level 2. HP: 8/21 MP: 5/5
   623 | D:1      | Reached XP level 3. HP: 19/26 MP: 6/6
   794 | D:1      | Reached skill level 1 in Armour
  1149 | D:3      | Found an ancient bone altar of Kikubaaqudgha.
  1233 | D:3      | Noticed Natasha
  1244 | D:3      | Killed Natasha
  1244 | D:3      | Reached XP level 4. HP: 18/32 MP: 7/7
  1442 | D:5      | Entered Level 5 of the Dungeon
  1522 | D:5      | Noticed denis1488's ghost (amateur MiFi)
  1796 | D:4      | Reached XP level 5. HP: 20/38 MP: 8/8
  1819 | D:4      | Noticed an ogre
  2043 | D:2      | Found an iron altar of Okawaru.
  2060 | D:2      | Became a worshipper of Warmaster Okawaru
  2271 | D:2      | Reached skill level 1 in Shields
  2624 | D:3      | Reached skill level 1 in Axes
  2691 | D:4      | Noticed an ogre
  2754 | D:3      | You fall through a shaft!
  2779 | D:4      | Noticed Pikel
  2905 | D:5      | Reached XP level 6. HP: 35/44 MP: 9/9
  2979 | D:6      | Found Mahuudom's Merry Market.
  3291 | D:6      | Shot with an arrow by a centaur

Skill      XL: |  1  2  3  4  5  6 |
---------------+-------------------+-----
Short Blades   | 1 2 3 |  3.2
Dodging        | 2 |  2.6
Armour         | 1 2 |  2.1
Shields        | 1 |  1.6
Fighting       | 2 |  2.2
Axes           | 1 2 |  2.0
Unarmed Combat | |  3.0
Spellcasting   | |  2.1
Transmutations | |  2.1

Action                   |  1- 3 |  4- 6 || total
-------------------------+-------+-------++-------
Melee: Short sword       |   141 |    71 ||   212
       War axe           |     7 |    70 ||    77
       Punch             |     1 |       ||     1
Throw: Stone             |     4 |    18 ||    22
 Abil: Shaft Self        |     2 |     1 ||     3
  Use: Scroll            |       |     7 ||     7
  Eat: Ration            |     1 |     2 ||     3
Armor: Robe              |     5 |       ||     5
       Ring mail         |    37 |    80 ||   117
Dodge: Dodged            |    94 |   106 ||   200
Block: Buckler           |       |    32 ||    32
